 Dungeon Sprint DCSS version 0.18.1-48-g4cf74bf (webtiles) character file.

9200000 Joat the Conqueror (level 27, -7/249 HPs)
             Began as a Demonspawn Warper on Sept 7, 2016.
             Was the Champion of Makhleb.
             Killed from afar by a wretched soul (83 damage)
             ... with a bolt of negative energy
             ... in the Dungeon (Sprint VIII: "Arena of Blood").
             The game lasted 00:05:08 (92 turns).

Joat the Conqueror (Demonspawn Warper)                Turns: 92, Time: 00:05:09

Health: -7/249     AC: 10    Str: 16    XL:     27
Magic:  24/54      EV: 33    Int: 17    God:    Makhleb [******]
Gold:   0          SH:  0    Dex: 19    Spells: 1 memorised, 79 levels left

rFire  . . .     SeeInvis .     l - +∞ Axe of Woe
rCold  + . .     Gourm    .     b - +0 leather armour
rNeg   . . .     Faith    .     (shield currently unavailable)
rPois  .         Spirit   .     (no helmet)
rElec  +         Dismiss  .     (no cloak)
rCorr  .         Reflect  .     (gloves unavailable)
SustAt .         Harm     .     (no boots)
MR     ++...     NoTele   +     (no amulet)
Stlth  +++++++++.               o - +200 ring of slaying
                                m - +30 ring of slaying

@: drained, very resistant to hostile enchantments, incredibly stealthy
A: claws 3, thin metallic scales 3, cold resistance 1, icemail, spiny 3,
augmentation 3, freezing cloud immunity
a: Minor Destruction, Lesser Servant of Makhleb, Major Destruction, Greater
Servant of Makhleb, Renounce Religion


You were in the Dungeon.
You worshipped Makhleb.
Makhleb was exalted by your worship.
You were not hungry.

You visited 1 branch

Inventory:

Hand Weapons
 a - a +0 hand axe
 l - the +∞ Axe of Woe (weapon)
   (You found it in the Dungeon)
Missiles
 e - 5 tomahawks of dispersal (quivered)
Armour
 b - a +0 leather armour (worn)
Jewellery
 m - a +30 ring of slaying (left claw)
 n - a +30 ring of slaying
 o - a +200 ring of slaying (right claw)
Scrolls
 d - 2 scrolls of blinking
Potions
 g - a potion of curing
 h - a potion of heal wounds
 i - a potion of haste
 j - 2 potions of magic
 k - a potion of berserk rage
Books
 c - a book of Spatial Translocations

   Spells                             Type                      Level
   a - Apportation                    Translocation                1
   b - Blink                          Translocation                2
   c - Shroud of Golubria             Charms/Translocation         2
   d - Portal Projectile              Translocation                3
   e - Teleport Other                 Translocation                3
   f - Passage of Golubria            Translocation                4
Comestibles
 f - a bread ration


   Skills:
 O Level 27(25.5) Fighting
 O Level 27(25.5) Axes
 O Level 27(25.5) Throwing
 O Level 27(25.5) Armour
 O Level 27(25.5) Dodging
 O Level 27(25.5) Stealth
 O Level 27(25.5) Unarmed Combat
 O Level 27(25.5) Spellcasting
 O Level 27(25.5) Translocations
 O Level 27(25.5) Invocations


You had 79 spell levels left.
You knew the following spells:

 Your Spells              Type           Power        Failure   Level  Hunger
a - Apportation           Tloc           #######...   0%          1    None


Dungeon Overview and Level Annotations

Branches:
Dungeon (1/1)

Altars:
Makhleb


Innate Abilities, Weirdness & Mutations

You have claws for hands.
You are completely covered in thin metallic scales (AC +4, rElec).
Your flesh is cold resistant.
A meltable icy envelope protects you from harm (AC +0).
You are completely covered in sharp spines.
Your magical and physical power is greatly enhanced at high health.
You are immune to freezing clouds.


Message History

The large bag of meat explodes!
The fiery explosion engulfs the large abomination.
The fiery explosion engulfs the eight-headed meat hydra.
The fiery explosion engulfs the large abomination.
The fiery explosion engulfs you!
* * * LOW HITPOINT WARNING * * *
The fiery explosion engulfs something.
The fiery explosion engulfs the meat berserker. x2
Makhleb accepts your kill.
You feel better.
Your life force feels restored.
You chop something into pieces!!!
You cleave something in twain.
Makhleb accepts your kill.
Reactivating autopickup.
You feel a bit more experienced.
You are engulfed in roaring flames.
You hear a shout! x2
A bolt of negative energy appears from out of thin air!
Deactivating autopickup; reactivate with Ctrl-A.
The bolt of negative energy hits you!
You feel drained.
You die...

#_.<._#.M........%
..#...))#..{%..#.#.#.
......_)))))%))).%....
......###))z)XM)).#.#.
.###......%###)%)%..%..
#..V...%#..L..%.....
#.......#)))%....%..
.........X§O....%...
.....%...X)@#...#...
....%..%%D§#..%.#o..
.......O##.%.%.# oo
....2# ....#... .....
.###.... ... ..#. ..
... ..


You could see an accursed, a meat beast, a tyrant, an eight-headed meat hydra, 3
large abominations and 2 meat berserkers.

Vanquished Creatures
  6 hell beasts (D)
  2 greater mummies (D)
  Harold (D)
  11 vampire knights (D)
  34 ogres (D)
  2 liches (D)
  A hydra (D)
  76 orcs (D)
  A phantom (D)
  8 hill giants (D)
  6 skeletal warriors (D)
  6 large abominations (D)
  8 small abominations (D)
  5 crawling corpses (D)
167 creatures vanquished.

Vanquished Creatures (others)
  6 crawling corpses (D)
6 creatures vanquished.

Grand Total: 173 creatures vanquished

Notes
Turn   | Place    | Note
--------------------------------------------------------------
     0 | D        | Joat the Demonspawn Warper began the quest for the Orb.
     0 | D        | Reached XP level 1. HP: 16/16 MP: 3/3
     3 | D        | Noticed a bag of meat
     3 | D        | Noticed a bag of meat
     3 | D        | Noticed a bag of meat
     4 | D        | Noticed a bag of meat
     4 | D        | Became a worshipper of Makhleb the Destroyer
     5 | D        | Noticed a bag of meat
     6 | D        | Killed a bag of meat
     6 | D        | Reached skill level 10 in Fighting
     6 | D        | Gained mutation: You have sharp fingernails. [demonic ancestry]
     6 | D        | Reached XP level 2. HP: 36/36 MP: 3/14
     6 | D        | Reached XP level 3. HP: 42/42 MP: 3/15
     6 | D        | Gained mutation: You are partially covered in thin metallic scales (AC +2). [demonic ancestry]
     6 | D        | Reached XP level 4. HP: 49/49 MP: 3/17
     6 | D        | Gained mutation: You are partially covered in sharp spines. [demonic ancestry]
     6 | D        | Reached XP level 5. HP: 54/54 MP: 3/18
     6 | D        | Gained mutation: Your flesh is cold resistant. [demonic ancestry]
     6 | D        | Reached XP level 6. HP: 61/61 MP: 3/20
     6 | D        | Reached XP level 7. HP: 67/67 MP: 3/21
     6 | D        | Reached XP level 8. HP: 74/74 MP: 3/23
     6 | D        | Reached XP level 9. HP: 79/79 MP: 3/24
     6 | D        | Reached XP level 10. HP: 86/86 MP: 3/25
     6 | D        | Reached XP level 11. HP: 92/92 MP: 3/26
     7 | D        | Noticed a meat berserker
     7 | D        | Killed a bag of meat
     7 | D        | Reached * piety under Makhleb
     7 | D        | Reached skill level 10 in Dodging
     7 | D        | Gained mutation: You are mostly covered in thin metallic scales (AC +3). [demonic ancestry]
     7 | D        | Reached XP level 12. HP: 103/103 MP: 3/28
     8 | D        | Noticed a bag of meat
     8 | D        | Killed a bag of meat
     8 | D        | Reached XP level 13. HP: 111/111 MP: 3/30
     8 | D        | Killed a bag of meat
     8 | D        | Reached ** piety under Makhleb
     8 | D        | Reached skill level 5 in Throwing
     8 | D        | Gained mutation: You are immune to freezing clouds. [demonic ancestry]
     8 | D        | Reached XP level 14. HP: 120/120 MP: 3/32
     8 | D        | Noticed a bag of meat
     9 | D        | Noticed a meat berserker
     9 | D        | Noticed a bag of meat
     9 | D        | Noticed a bag of meat
    10 | D        | Noticed a bag of meat
    10 | D        | Killed a meat berserker
    10 | D        | Gained mutation: You have very sharp fingernails. [demonic ancestry]
    10 | D        | Reached XP level 15. HP: 139/139 MP: 4/33
    10 | D        | Reached *** piety under Makhleb
    12 | D        | Noticed a large bag of meat
    12 | D        | Killed a meat berserker
    12 | D        | Gained mutation: You have claws for hands. [demonic ancestry]
    12 | D        | Reached XP level 16. HP: 156/159 MP: 4/34
    12 | D        | Reached **** piety under Makhleb
    13 | D        | Noticed a meat berserker
    14 | D        | Reached skill level 27 in Fighting
    14 | D        | Gained mutation: You are mostly covered in sharp spines. [demonic ancestry]
    14 | D        | Reached XP level 17. HP: 174/174 MP: 5/35
    15 | D        | Noticed a meat berserker
    15 | D        | Reached skill level 27 in Axes
    15 | D        | Reached skill level 10 in Armour
    15 | D        | Reached skill level 15 in Dodging
    17 | D        | Reached ***** piety under Makhleb
    19 | D        | Reached XP level 18. HP: 182/182 MP: 6/36
    20 | D        | Killed a large bag of meat
    20 | D        | Killed a meat berserker
    22 | D        | Noticed a meat berserker
    22 | D        | Noticed a meat berserker
    23 | D        | Noticed a meat berserker
    23 | D        | Noticed a meat berserker
    24 | D        | Noticed a meat berserker
    24 | D        | Noticed a meat berserker
    24 | D        | Noticed a destroyer
    24 | D        | Killed a meat berserker
    24 | D        | Reached skill level 27 in Dodging
    24 | D        | Reached XP level 19. HP: 189/189 MP: 7/37
    24 | D        | Reached ****** piety under Makhleb
    24 | D        | Reached skill level 27 in Armour
    24 | D        | Reached skill level 15 in Spellcasting
    25 | D        | Noticed a meat berserker
    25 | D        | Killed a meat berserker
    27 | D        | Killed a meat berserker
    27 | D        | Reached XP level 20. HP: 88/197 MP: 7/39
    27 | D        | Reached skill level 27 in Invocations
    28 | D        | Noticed a destroyer
    28 | D        | Killed a meat berserker
    28 | D        | Reached skill level 27 in Stealth
    28 | D        | Reached skill level 10 in Throwing
    28 | D        | Gained mutation: Your magical and physical power is slightly enhanced at high health. [demonic ancestry]
    28 | D        | Reached XP level 21. HP: 204/204 MP: 7/42
    29 | D        | Noticed a destroyer
    29 | D        | Reached skill level 15 in Unarmed Combat
    29 | D        | Reached skill level 27 in Translocations
    29 | D        | Gained mutation: A meltable icy envelope protects you from harm (AC +0). [demonic ancestry]
    29 | D        | Reached XP level 22. HP: 212/212 MP: 8/48
    30 | D        | Noticed The Servant
    30 | D        | Noticed a destroyer
    30 | D        | Noticed a destroyer
    31 | D        | Killed a destroyer
    32 | D        | Reached skill level 27 in Spellcasting
    32 | D        | Killed a destroyer
    32 | D        | Reached skill level 27 in Throwing
    32 | D        | Reached skill level 27 in Unarmed Combat
    32 | D        | Gained mutation: You are completely covered in sharp spines. [demonic ancestry]
    32 | D        | Reached XP level 23. HP: 219/219 MP: 8/54
    33 | D        | Killed a destroyer
    33 | D        | Gained mutation: Your magical and physical power is enhanced at high health. [demonic ancestry]
    33 | D        | Reached XP level 24. HP: 227/227 MP: 9/54
    34 | D        | Noticed a destroyer
    35 | D        | Killed The Servant
    36 | D        | Gained mutation: Your magical and physical power is greatly enhanced at high health. [demonic ancestry]
    36 | D        | Reached XP level 25. HP: 234/234 MP: 10/54
    38 | D        | Killed a destroyer
    38 | D        | Gained mutation: You are completely covered in thin metallic scales (AC +4, rElec). [demonic ancestry]
    38 | D        | Reached XP level 26. HP: 242/242 MP: 10/54
    41 | D        | Noticed a destroyer
    41 | D        | Reached XP level 27. HP: 249/249 MP: 11/54
    43 | D        | Killed a destroyer
    44 | D        | Noticed a destroyer
    44 | D        | Killed a destroyer
    44 | D        | Killed a destroyer
    45 | D        | Noticed a destroyer
    46 | D        | Killed a destroyer
    47 | D        | Noticed a destroyer
    50 | D        | Killed a destroyer
    53 | D        | Noticed an accursed
    54 | D        | Noticed a destroyer
    58 | D        | Noticed an accursed
    60 | D        | Killed a destroyer
    62 | D        | Noticed a meat beast
    64 | D        | Noticed a tyrant
    64 | D        | Killed a destroyer
    66 | D        | Killed a meat beast
    67 | D        | Noticed a tyrant
    68 | D        | Noticed a meat beast
    68 | D        | Noticed a tyrant
    73 | D        | Killed a meat beast
    77 | D        | Noticed a meat beast
    77 | D        | Killed a tyrant
    78 | D        | Noticed a meat beast
    78 | D        | Noticed a meat beast
    79 | D        | Killed an accursed
    79 | D        | Killed a tyrant
    81 | D        | Killed a meat beast
    82 | D        | Killed a meat beast
    85 | D        | Noticed a meat beast
    86 | D        | Killed a meat beast
    87 | D        | Killed a meat beast
    88 | D        | Killed an accursed
    89 | D        | Noticed an accursed
    90 | D        | Noticed an accursed
    91 | D        | Noticed a meat beast
    92 | D        | Killed from afar by a wretched soul

Skill      XL: |  1  2  3  4  5  6  7  8  9 10 11 12 13 14 15 16 17 18 19 20 21 22 |
---------------+-------------------------------------------------------------------+-----
Fighting       | 10 12 13 14 19 24 27 | 27.0
Axes           | 9 11 12 13 18 22 26 27 | 27.0
Throwing       | 3 4 5 10 18 27 | 27.0
Armour         | 2 3 18 26 27 | 27.0
Dodging        | 9 10 11 12 20 27 | 27.0
Spellcasting   | 11 12 13 14 15 17 22 27 | 27.0
Translocations | 17 20 21 22 23 24 27 | 27.0
Stealth        | 19 27 | 27.0
Invocations    | 23 27 | 27.0
Unarmed Combat | 8 18 27 | 27.0

Action                   |  1- 3 |  4- 6 |  7- 9 | 10-12 | 13-15 | 16-18 | 19-21 | 22-24 | 25-27 || total
-------------------------+-------+-------+-------+-------+-------+-------+-------+-------+-------++-------
Melee: Executioner's axe |     1 |       |       |     2 |     2 |     7 |     4 |     5 |    49 ||    70
Dodge: Dodged            |       |       |       |       |       |     1 |       |       |     6 ||     7
